AoeStats
← El loco

Arabia

513266845Analyzed
1v1 RM · 5d ago on Oct 12, 2026· 58m 34s· 2 players
Game mode
Random Map
Map size
Tiny (2 player)
Population
200
Speed
Normal
Resources
Standard
Victory
Conquest
Starting age
Dark Age
Ending age
Imperial Age
RankedLock teamsTeams togetherTeam positionsShared explorationLock speedFull tech treeHidden civsTurbo modeCheats
Victory
Defeat
🇦🇷 Byzantines · Argentina
1242
+17
vs
🇦🇷 Magyars · Argentina
1273
-17
El loco
6:03 Loom
8:33 Feudal Age
9:03 Double-Bit Axe
19:59 Castle Age
18:37 Fletching
19:01 Gold Mining
18:55 Horse Collar
20:09 Elite Skirmisher
22:03 Padded Archer Armor
24:32 Husbandry
23:59 Pikeman
34:54 Imperial Age
32:39 Crossbowman
33:17 Bodkin Arrow
34:23 Stone Mining
35:09 Gold Shaft Mining
35:02 Leather Archer Armor
34:53 Scale Mail Armor
36:21 Conscription
36:51 Arbalester
41:14 Bracer
41:45 Ring Archer Armor
43:59 Ballistics
44:39 Chemistry
45:27 Chain Mail Armor
45:22 Forging
47:33 Squires
48:03 Thumb Ring
48:48 Wheelbarrow
50:07 Hand Cart
51:45 Halberdier
52:11 Arson
51:47 Elite Varangian Guard
56:53 Plate Mail Armor
56:59 Iron Casting
56:30 Scale Barding Armor
PWLG | Fachu88
5:32 Loom
6:10 Loom
8:57 Feudal Age
10:15 Double-Bit Axe
10:33 Horse Collar
14:21 Fletching
21:22 Castle Age
21:33 Bloodlines
21:43 Scale Barding Armor
22:29 Gold Mining
25:01 Husbandry
26:20 Chain Barding Armor
27:21 Bodkin Arrow
29:50 Wheelbarrow
30:23 Town Watch
31:22 Padded Archer Armor
34:16 Thumb Ring
34:59 Bow Saw
35:40 Leather Archer Armor
39:25 Imperial Age
39:51 Gold Shaft Mining
39:18 Heavy Plow
39:07 Light Cavalry
40:17 Ballistics
41:06 Bracer
41:33 Parthian Tactics
42:31 Two-Man Saw
43:04 Chemistry
43:10 Ring Archer Armor
42:35 Hussar
44:20 Plate Barding Armor
47:43 Recurve Bow
48:04 Conscription
48:17 Cavalier
49:36 Hand Cart
49:29 Heavy Cavalry Archer
53:16 Crop Rotation
55:51 Paladin
Connection lost

Rejoining the realm…

Still unreachable

The connection could not be restored.

Session expired

The server has moved on; the page needs a fresh start.